 Dungeon Crawl Stone Soup version 0.28.0-53-g5a82cb258f (webtiles) character file.

Game seed: 2258071496889256296

18 Zeld the Ruffian (level 2, 0/23 HPs)
             Began as a Draconian Transmuter on June 4, 2022.
             Slain by a kobold brigand
             ... wielding a +0 short sword
              (5 damage)
             ... on level 3 of the Dungeon.
             The game lasted 00:00:41 (587 turns).

Zeld the Ruffian (Draconian Transmuter)              Turns: 587, Time: 00:00:42

Health: 0/23       AC:  4    Str: 12    XL:     2   Next: 51%
Magic:  4/5        EV: 12    Int: 13    God:
Gold:   11         SH:  0    Dex: 11    Spells: 2/5 levels left

rFire   . . .      SeeInvis .     - Unarmed
rCold   . . .      Faith    .   (no shield)
rNeg    . . .      Spirit   .   (armour unavailable)
rPois   .          Reflect  .   (helmet currently unavailable)
rElec   .          Harm     .   (no cloak)
rCorr   .          Rampage  .   (no gloves)
Will    .....                   (boots currently unavailable)
Stlth   +.........              (no amulet)
HPRegen 0.07/turn               (no ring)
MPRegen 0.09/turn               (no ring)

@: appendages (expiring)
A: horns 2, talons 2, AC +4, unfitting armour, cold-blooded
a: End Transformation


You were on level 3 of the Dungeon.
You had temporarily grown beastly horns and talons.
You visited 1 branch of the dungeon, and saw 3 of its levels.

You collected 11 gold pieces.

Inventory:

Potions
 a - a potion of degeneration {unknown}


   Skills:
 + Level 1.3 Fighting
 - Level 1.7 Dodging
 - Level 3.0 Unarmed Combat
 + Level 2.1 Spellcasting
 + Level 2.1 Transmutations
 * Level 1.1 Ice Magic
 * Level 1.0 Poison Magic


You had 2 spell levels left.
You knew the following spells:

 Your Spells              Type           Power      Damage    Failure   Level
a - Beastly Appendage     Tmut           12%        N/A       11%         1
b - Wereblood             Tmut           6%         N/A       16%         2

Your spell library contained the following spells:

 Spells                   Type           Power      Damage    Failure   Level
 Spider Form              Tmut/Pois      5%         N/A       36%         3
 Ice Form                 Ice/Tmut       5%         N/A       77%         4


Dungeon Overview and Level Annotations

Branches:
Dungeon (3/15)

Altars:
Fedhas


Innate Abilities, Weirdness & Mutations

You have temporarily grown beastly horns and talons.
Your plain brown scales are hard. (AC +4)
You cannot fit into any form of body armour.
You are cold-blooded and may be slowed by cold attacks.


Message History

You hit the endoplasm.
You kill the endoplasm!
You feel yourself speed up.
No target in view!
There is a shaft here.
There is an escape hatch in the floor here.
Unknown command.
You slide downwards.
The hatch slams shut behind you.
The kobold brigand shouts!
The kobold brigand throws a curare-tipped dart.
The curare-tipped dart closely misses you.
Casting: Beastly Appendage (safe; 11% risk of failure)
Confirm with . or Enter, or press ? or * to list all spells.
You don't know that spell.
The kobold brigand barely misses you.
Casting: Beastly Appendage (safe; 11% risk of failure)
Confirm with . or Enter, or press ? or * to list all spells.
You grow a pair of large bovine horns.
Your feet morph into talons.
The kobold brigand hits you with a +0 short sword.
Unknown command.
You hit the kobold brigand but do no damage.
The kobold brigand completely misses you.
You hit the kobold brigand.
Your headbutt misses the kobold brigand.
The kobold brigand is lightly wounded.
You hit the kobold brigand. Your kick misses the kobold brigand.
You headbutt the kobold brigand!
The kobold brigand is severely wounded.
The kobold brigand hits you with a +0 short sword!
You barely miss the kobold brigand.
You claw the kobold brigand, but do no damage.
Your punch misses the kobold brigand.
The kobold brigand is severely wounded.
The kobold brigand hits you with a +0 short sword.
* * * LOW HITPOINT WARNING * * *
You barely miss the kobold brigand. Your kick misses the kobold brigand.
You headbutt the kobold brigand!
The kobold brigand is almost dead.
The kobold brigand hits you with a +0 short sword.
You die...

########
#......#
#.####.## #
#.......##.#
...##.w.....#
#.#.@####
#.#K.# .....#
......#
########


You could see a kobold brigand and a worm.

Vanquished Creatures
  A dart slug (D:2)
  2 ball pythons (D:1)
  An endoplasm (D:2)
  5 goblins
  2 hobgoblins (D:2)
  2 bats (D:1)
  A kobold (D:1)
  2 rats
16 creatures vanquished.

Notes
Turn   | Place    | Note
-------+----------+-------------------------------------------
     0 | D:1      | Zeld the Draconian Transmuter began the quest for the Orb.
     0 | D:1      | Reached XP level 1. HP: 16/16 MP: 3/3
   316 | D:1      | Reached XP level 2. HP: 23/23 MP: 3/5
   319 | D:1      | Learned a level 2 spell: Wereblood
   363 | D:2      | Reached skill level 1 in Ice Magic
   438 | D:2      | Found a blossoming altar of Fedhas.
   543 | D:2      | Reached skill level 1 in Poison Magic
   578 | D:3      | Noticed a kobold brigand
   587 | D:3      | Slain by a kobold brigand

Illustrated notes

Levels and vault maps discovered:
D:1:      saegor_arrival_miasma, layout_basic, ebering_ecumenical_altar_webs,
          bh_walls_and_bars
D:2:      layout_basic, basic_altar
D:3:      layout_loops_cross, nicolae_dithmenos_shadow_blocks

Skill      XL: |  1  2 |
---------------+-------+-----
Ice Magic      | 1 |  1.1
Poison Magic   | 1 |  1.0
Fighting       | |  1.3
Dodging        | |  1.7
Unarmed Combat | |  3.0
Spellcasting   | |  2.1
Transmutations | |  2.1

Action                   || total
-------------------------++-------
Melee: Unarmed           ||    41
       Headbutt          ||     7
       Kick              ||     5
       Punch             ||     2
       Tailslap          ||     4
 Cast: Beastly Appendage ||    10
 Stab: Sleeping          ||     1
Armor: Skin              ||    16
Dodge: Dodged            ||    25
